General information
- name: BNet
- type: Ladder team game (AT/RT)
- host: Battle.net
- saver: TIMG4STRok
map: PhantomGrove
- players: 4
- length: 05:41
- speed: Fast
- version: 1.21 W3XP
- replay type:

» download(29 KB)
Players
team 1 (loser)
BLIND.SIDE (
green | 53 APM | 298 actions | 05:39)
2 Death Knight
1 Death Coil
1 Unholy Aura
» actions
| Assign group hotkey | 1 | |
| Basic commands | 33 | |
| Build / train | 15 | |
| Enter build submenu | 8 | |
| Enter hero's abilities submenu | 2 | |
| Right click | 138 | |
| Select / deselect | 47 | |
| Select group hotkey | 3 | |
| Use ability | 51 | |
298 total
» units
| Acolyte | 2 | |
| Ghoul | 1 | |
| Crypt Fiend | 5 | |
8 total
» buildings
| Crypt | 1 | |
| Graveyard | 1 | |
| Ziggurat | 2 | |
| Altar of Darkness | 1 | |
| Tomb of Relics | 1 | |
| Nerubian Tower | 1 | |
7 total
» build order
00:10 Crypt
00:14 Graveyard
00:17 Ziggurat
00:40 Altar of Darkness
01:02 Ziggurat
01:39 Tomb of Relics
02:16 Nerubian Tower
» items
| Dust of Appearance | 1 | |
| Rod of Necromancy | 1 | |
2 total
littlewonders (
red | 83 APM | 469 actions | 05:40)
1 Demon Hunter
1 Mana Burn
» actions
| Assign group hotkey | 2 | |
| Build / train | 17 | |
| Enter build submenu | 11 | |
| Enter hero's abilities submenu | 1 | |
| Remove unit from queue | 1 | |
| Right click | 254 | |
| Select / deselect | 144 | |
| Select group hotkey | 11 | |
| Use ability | 28 | |
469 total
» units
» buildings
| Altar of Elders | 1 | |
| Moon Well | 6 | |
| Hunter's Hall | 1 | |
| Ancient of War | 2 | |
10 total
» build order
00:11 Altar of Elders
00:18 Moon Well
01:44 Hunter's Hall
01:46 Ancient of War
02:01 Moon Well
02:23 Ancient of War
02:39 Moon Well
04:08 Moon Well
04:36 Moon Well
05:14 Moon Well
team 2 (winner)

»
iggy_the_fisk (
orange | 126 APM | 716 actions | 05:40)
2 Blademaster
1 Wind Walk
1 Critical Strike
» actions
| Assign group hotkey | 156 | |
| Build / train | 28 | |
| Enter build submenu | 7 | |
| Enter hero's abilities submenu | 2 | |
| Right click | 370 | |
| Select / deselect | 80 | |
| Select group hotkey | 58 | |
| Use ability | 15 | |
716 total
» units
» buildings
| Altar of Storms | 1 | |
| Orc Burrow | 4 | |
| Barracks | 1 | |
| Voodoo Lounge | 1 | |
| Stronghold | 1 | |
8 total
» build order
00:04 Altar of Storms
00:19 Orc Burrow
00:35 Barracks
01:26 Orc Burrow
01:50 Voodoo Lounge
03:55 Stronghold
04:36 Orc Burrow
05:07 Orc Burrow
» items

»
TIMG4STRok (
blue | 102 APM | 578 actions | 05:41)
1 Blademaster
1 Wind Walk
» actions
| Assign group hotkey | 12 | |
| Basic commands | 14 | |
| Build / train | 19 | |
| ESC pressed | 2 | |
| Enter build submenu | 6 | |
| Enter hero's abilities submenu | 1 | |
| Right click | 312 | |
| Select / deselect | 61 | |
| Select group hotkey | 140 | |
| Use ability | 11 | |
578 total
» units
» buildings
| Altar of Storms | 1 | |
| Orc Burrow | 3 | |
| Barracks | 1 | |
| Voodoo Lounge | 1 | |
| Stronghold | 1 | |
7 total
» build order
00:06 Altar of Storms
00:17 Orc Burrow
00:50 Barracks
01:36 Orc Burrow
01:52 Voodoo Lounge
03:39 Stronghold
04:36 Orc Burrow
» items
| Healing Salve | 2 | |
| Lesser Clarity Potion | 2 | |
4 total
Chat log
(00:29 / All) TIMG4STRok: gl hf
(05:35 / All) iggy_the_fisk: n quit